 Dungeon Crawl Stone Soup version 0.31.0-11-ge490571c62 (webtiles) character file.

Game seed: 3465824692044879595

2093 Nethlain the Blocker (level 9, -1/81 HPs)
             Began as a Minotaur Fighter on Jan 28, 2024.
             Was a Follower of Okawaru.
             Slain by an orc priest
             ... wielding a +0 trident
              (7 damage)
             ... on level 6 of the Dungeon.
             The game lasted 00:15:10 (4471 turns).

Nethlain the Blocker (Minotaur Fighter)             Turns: 4471, Time: 00:15:10

Health: -1/81      AC: 12    Str: 24    XL:     9   Next: 7%
Magic:  8/8        EV:  8    Int:  5    God:    Okawaru [*.....]
Gold:   216        SH:  5    Dex: 11    Spells: 8/8 levels left

rFire   . . .        a - +1 war axe
rCold   + . .        c - +0 buckler
rNeg    . . .        n - +0 chain mail
rPois   .            (helmet restricted)
rElec   .            o - +0 cloak
rCorr   .            (no gloves)
SInv    .            (no boots)
Will    .....        f - amulet of regeneration Stlth
                     h - ring of protection from cold
HPRegen 1.13/turn    (no ring)
MPRegen 0.11/turn

%: no passive effects
@: no status effects
A: horns 2, retaliatory headbutt
a: Renounce Religion, Heroism


You were on level 6 of the Dungeon.
You worshipped Okawaru.
Okawaru was aware of your devotion.
You visited 2 branches of the dungeon, and saw 7 of its levels.

You collected 216 gold pieces.

Inventory:

Hand Weapons
 a - a +1 war axe (weapon)
 b - a +4 heavy flail
 g - a +2 quarterstaff of chaos
 p - a +0 sling of flaming
Missiles
 e - 11 boomerangs (quivered)
 j - 6 poisoned darts
 k - 5 atropa-tipped darts
Armour
 c - a +0 buckler (worn)
 n - a +0 chain mail (worn)
 o - a +0 cloak (worn)
Jewellery
 f - an amulet of regeneration (around neck)
 h - a ring of protection from cold (left hand)
 r - a ring of positive energy
Wands
 l - a wand of flame (14)
Scrolls
 i - 3 scrolls of teleportation
 m - 2 scrolls of vulnerability
 q - 2 scrolls of identify
 t - a scroll of fog {unknown}
Potions
 s - 2 potions of mutation {unknown}
 u - a potion of haste


   Skills:
 + Level 8.0 Fighting
 + Level 7.4 Axes
 + Level 8.0 Armour
 + Level 8.1 Shields


You had 8 spell levels left.
You didn't know any spells.
Your spell library contained the following spells:

 Spells                   Type           Power      Damage    Failure   Level
 Apportation              Tloc           0%         N/A       96%         1
 Necrotise                Necr           0%         1d4       96%         1
 Sting                    Conj/Alch      0%         1d3       96%         1
 Alistair's Intoxication  Alch           0%         N/A       100%        5
 Borgnjor's Vile Clutch   Necr/Erth      0%         N/A       100%        5
 Eringya's Noxious Bog    Alch           0%         4d6       100%        6
 Summon Small Mammal      Summ           Unusable   N/A       N/A         1
 Call Canine Familiar     Summ           Unusable   N/A       N/A         3
 Summon Blazeheart Golem  Fire/Summ      Unusable   N/A       N/A         4

Dungeon Overview and Level Annotations

Branches:
Dungeon (6/15)             Temple (1/1) D:4

Altars:
Dithmenos
Elyvilon
Fedhas
Gozag
Makhleb
Nemelex Xobeh
Okawaru
Qazlal
Ru
Uskayaw
Wu Jian
Xom
Yredelemnul
The Shining One


Innate Abilities, Weirdness & Mutations

You have a pair of horns on your head.
You reflexively headbutt those who attack you in melee.


Message History

A puff of flame appears from out of thin air!
The puff of flame hits you.
* * * LOW HITPOINT WARNING * * *
You feel better.
The orc priest calls upon Beogh to heal the orc.
The orc's wounds heal themselves!
The orc barely misses you. Something hits you but does no damage.
Okay, then.
You closely miss something. You slash the orc!
You kill the orc!
Okawaru accepts your kill.
The orc priest hits you from afar with a +0 trident.
* * * LOW HITPOINT WARNING * * *
Something hits you.
* * * LOW HITPOINT WARNING * * *
You miss something. Your headbutt misses something.
You block the orc priest's attack. Something hits you but does no damage.
You closely miss something. Your headbutt misses something.
The orc priest closely misses you. Something hits you but does no damage.
The orc priest hits you but does no damage.
You slash something! Okawaru accepts your kill.
You can now gain great but temporary skills.
Reactivating autopickup.
You feel a bit more experienced.
The orc priest mumbles some strange prayers to Beogh against you.
Beogh smites you!
* * * LOW HITPOINT WARNING * * *
You block the orc priest's attack.
Things that are here:
a +0 short sword; an orc corpse You hit the orc priest but do no damage.
You headbutt the orc priest, but do no damage.
You are no longer corroded.
The orc priest hits you with a +0 trident.
* * * LOW HITPOINT WARNING * * *
Okay, then.
You hit the orc priest but do no damage.
The orc priest hits you with a +0 trident!
You die...

....... ............ #
.... #........... #
#.##.### #.>......... ##
#......###........... )#
####.#...............
.######.####..>......?..
.##............)).......
.##........##...†o.....#
..#........##..)@......#
#.#........###..)#......
#.##.....#.....#.##..##.
#.##.#.....#####.# ..#
#.........## #.# ...
#...#..#..# #.# .##
....#.##..######.# .(
......#...#...##.#
...............#.#


You could see an orc priest.

Vanquished Creatures
  Pikel (D:4)
  Sigmund (D:4)
  Menkaure (D:5)
  Edmund (D:4)
  A water moccasin (D:6)
  A sky beast (D:6)
  A centaur (D:5)
  A lemure (D:4)
  5 scorpions
  2 jellies
  A hound (D:5)
  A bombardier beetle (D:4)
  Crazy Yiuf (D:5)
  3 orc wizards
  A sleepcap (D:4)
  Ijyb (D:4)
  4 iguanas (D:5)
  Natasha (thrice) (D:2)
  4 gnolls (D:5)
  6 adders
  2 shadow imps
  5 ribbon worms
  3 dart slugs
  16 orcs
  6 endoplasms
  3 giant cockroaches
  14 goblins
  10 hobgoblins
  3 jackals (D:4)
  2 quokkas
  5 ball pythons
  5 bats
  A frilled lizard (D:3)
  10 kobolds
  9 rats
134 creatures vanquished.

Vanquished Creatures (others)
  An orc (D:6)
1 creature vanquished.

Grand Total: 135 creatures vanquished

Notes
Turn   | Place    | Note
-------+----------+-------------------------------------------
     0 | D:1      | Nethlain the Minotaur Fighter began the quest for the Orb.
     0 | D:1      | Reached XP level 1. HP: 19/19 MP: 0/0
   178 | D:1      | Reached XP level 2. HP: 27/27 MP: 1/1
   444 | D:1      | You fall into a shaft and drop 1 floor!
   637 | D:1      | Reached XP level 3. HP: 33/33 MP: 2/2
   658 | D:1      | Found a faded altar of an unknown god.
  1081 | D:2      | Noticed Natasha
  1089 | D:2      | Killed Natasha
  1404 | D:2      | Noticed Natasha
  1416 | D:2      | Killed Natasha
  1417 | D:2      | Reached XP level 4. HP: 11/41 MP: 3/3
  1652 | D:2      | Noticed Natasha
  1661 | D:2      | Killed Natasha
  1888 | D:3      | Reached XP level 5. HP: 39/47 MP: 4/4
  2428 | D:4      | Found a staircase to the Ecumenical Temple.
  2435 | Temple   | Entered the Ecumenical Temple
  2480 | D:4      | Noticed Sigmund
  2496 | D:4      | Killed Sigmund
  2497 | D:4      | Reached skill level 5 in Fighting
  2497 | D:4      | Reached skill level 5 in Armour
  2497 | D:4      | Reached skill level 5 in Shields
  2497 | D:4      | Reached XP level 6. HP: 56/56 MP: 5/5
  2628 | D:4      | Noticed Pikel
  2660 | D:4      | Killed Pikel
  2661 | D:4      | Reached skill level 5 in Axes
  2661 | D:4      | Reached XP level 7. HP: 24/63 MP: 6/6
  3220 | D:4      | Noticed Edmund
  3235 | D:4      | Killed Edmund
  3236 | D:4      | Reached XP level 8. HP: 15/71 MP: 7/7
  3323 | D:4      | Noticed Ijyb
  3338 | D:4      | Killed Ijyb
  3600 | D:5      | Entered Level 5 of the Dungeon
  3653 | D:5      | Found an iron altar of Okawaru.
  3653 | D:5      | Noticed Menkaure
  3734 | D:5      | Found a runed translucent door.
  3735 | D:5      | Noticed Crazy Yiuf
  3740 | D:5      | Killed Crazy Yiuf
  3795 | D:5      | Killed Menkaure
  3881 | D:5      | Became a worshipper of Warmaster Okawaru
  3884 | D:5      | Found a stormy altar of Qazlal.
  4391 | D:6      | Found a glowing golden altar of the Shining One.
  4453 | D:6      | Reached XP level 9. HP: 30/81 MP: 8/8
  4463 | D:6      | HP: 4/81 [something/puff of flame (6)]
  4468 | D:6      | Reached * piety under Okawaru
  4470 | D:6      | HP: 4/81 [orc priest/+0 trident (6)]
  4471 | D:6      | Slain by an orc priest

Illustrated notes

Levels and vault maps discovered:
D:1:      psy_arrival_radial01, layout_basic,
          hellmonk_ecumenical_altar_heavens_door, minmay_misc_feat_four_crosses,
          nrook_campfire, bh_walls_and_bars
D:2:      layout_basic, kennysheep_generic_room_14, uniq_natasha
D:3:      layout_loops_cross
D:4:      kennysheep_goblin_castle, layout_basic, minmay_temple_entry_slanted,
          minmay_misc_feat_tower, uniq_sigmund, uniq_edmund, uniq_pikel
D:5:      corexii_shack_village, layout_rooms,
          mainiacjoe_overflow_large_starburst, uniq_menkaure,
          uniq_crazy_yiuf_cottage
D:6:      layout_rooms, mainiacjoe_overflow_boulevard, kennysheep_mini_moat,
          chequers_garden
Temple:   minmay_temple_curvy_loop

Skill      XL: |  1  2  3  4  5  6  7  8 |
---------------+-------------------------+-----
Shields        | 4 5 6 8 |  8.1
Fighting       | 4 5 6 8 |  8.0
Armour         | 4 5 6 8 |  8.0
Axes           | 3 4 5 6 7 |  7.4

Action                     |  1- 3 |  4- 6 |  7- 9 || total
---------------------------+-------+-------+-------++-------
  Melee: War axe           |    78 |    99 |   154 ||   331
         Headbutt          |    10 |    15 |    23 ||    48
         Flail             |       |       |     5 ||     5
  Evoke: Wand              |       |       |    10 ||    10
    Use: Scroll            |     3 |     4 |     3 ||    10
         Potion            |     1 |     6 |     7 ||    14
 Armour: Scale mail        |    66 |    18 |       ||    84
         Chain mail        |       |    90 |   180 ||   270
         Skin              |       |    17 |       ||    17
  Dodge: Dodged            |    37 |    50 |    72 ||   159
  Block: Buckler           |    19 |    21 |    51 ||    91
